 Dungeon Crawl Stone Soup version 0.21-a0-344-g2144152 (webtiles) character file.

300 Amnesiac the Skirmisher (level 6, -1/53 HPs)
             Began as a Gnoll Monk on Oct 4, 2017.
             Was a Priest of Ashenzari.
             Slain by Grinder (3 damage)
             ... on level 2 of the Dungeon.
             The game lasted 00:04:31 (1810 turns).

Amnesiac the Skirmisher (Gnoll Monk)                Turns: 1810, Time: 00:04:31

Health: -1/53      AC:  9    Str: 20    XL:     6   Next: 36%
Magic:  8/8        EV: 11    Int: 12    God:    Ashenzari [***...]
Gold:   240        SH:  5    Dex: 18    Spells: 5/8 levels left

rFire    . . .     SeeInvis +   n - +0 trident
rCold    . . .     Gourm    .   p - +0 buckler
rNeg     . . .     Faith    .   g - +0 chain mail
rPois    .         Spirit   .   (no helmet)
rElec    .         Reflect  .   (no cloak)
rCorr    .         Harm     .   (no gloves)
MR       .....                  e - +0 pair of boots
Stlth    ..........             (no amulet)
HPRegen  0.17/turn              (no ring)
MPRegen  0.11/turn              (no ring)

@: mighty
A: distributed training, fangs 1, strong nose
a: Curse Item, Scrying, Renounce Religion


You were on level 2 of the Dungeon.
You worshipped Ashenzari.
Ashenzari was most pleased with you.
You were not hungry.

You visited 1 branch of the dungeon, and saw 3 of its levels.

You collected 240 gold pieces.

Inventory:

Hand Weapons
 a - a +0 spear
 n - a +0 trident (weapon)
 w - a +0 blowgun
 x - a +7 scythe of venom
Missiles
 t - 34 poisoned needles
 A - 5 curare-tipped needles
Armour
 e - a +0 pair of boots (worn)
 g - a +0 chain mail (worn)
 p - a +0 buckler (worn)
Scrolls
 b - 2 scrolls of identify {!r, unknown}
 d - 2 scrolls of magic mapping {!r, unknown}
 h - a scroll of recharging {!r, unknown}
 j - a scroll of fog {!r, unknown}
 o - 2 scrolls of fear {!r, unknown}
 r - a scroll of enchant armour {!r, unknown}
Potions
 f - 2 potions of curing {!q}
 i - a potion of might {!q}
 k - a potion of degeneration {!q, unknown}
 l - a potion of haste {!q, unknown}
 m - a potion of magic {!q, unknown}
 q - 2 potions of agility {!q, unknown}
 u - a potion of invisibility {!q, unknown}
Books
 y - a book of Misfortune

   Spells                             Type                      Level
   a - Confusing Touch                Hexes                        1
   b - Confuse                        Hexes                        3
   c - Gell's Gravitas                Translocation                3
   d - Petrify                        Transmutation/Earth          4
   e - Metabolic Englaciation         Hexes/Ice                    5
   f - Yara's Violent Unravelling     Hexes/Transmutation          5
Comestibles
 c - 3 bread rations
 s - 4 fruits
 v - 3 chunks of flesh
 z - a meat ration


   Skills:
 + Level 6.8 Fighting
 + Level 1.9 Short Blades
 + Level 1.9 Long Blades
 + Level 1.9 Axes
 + Level 1.9 Maces & Flails
 + Level 6.8 Polearms
 + Level 1.9 Staves
 + Level 1.9 Slings
 + Level 1.9 Bows
 + Level 1.9 Crossbows
 + Level 1.9 Throwing
 + Level 1.9 Armour
 + Level 6.8 Dodging
 + Level 4.5 Stealth
 + Level 1.9 Shields
 + Level 1.9 Unarmed Combat
 + Level 1.9 Spellcasting
 + Level 1.9 Conjurations
 + Level 1.9 Hexes
 + Level 1.9 Charms
 + Level 1.9 Summonings
 + Level 1.9 Necromancy
 + Level 1.9 Translocations
 + Level 1.9 Transmutations
 + Level 1.9 Fire Magic
 + Level 1.9 Ice Magic
 + Level 1.9 Air Magic
 + Level 1.9 Earth Magic
 + Level 1.9 Poison Magic
 + Level 1.9 Invocations
 + Level 1.9 Evocations


You had 5 spell levels left.
You knew the following spells:

 Your Spells              Type           Power        Failure   Level  Hunger
e - Confuse               Hex            #.......     99%         3    ####...


Dungeon Overview and Level Annotations

Branches:
Dungeon (3/15)

Altars:
Ashenzari

Annotations:
D:2 Grinder


Innate Abilities, Weirdness & Mutations

Your experience applies equally to all skills.
You have very sharp teeth.
Your uncanny sense of smell can sniff out nearby items.


Message History

Grinder hits you.
You writhe in agony.
You barely miss Grinder.
Grinder is lightly wounded.
You block Grinder's attack.
You hit Grinder.
Grinder is lightly wounded.
Grinder hits you.
You closely miss Grinder.
Grinder is lightly wounded.
Grinder gestures at you. You resist with significant effort.
You hit Grinder.
Grinder is lightly wounded.
Grinder gestures at you. Pain shoots through your body!
You hit Grinder but do no damage.
Grinder is lightly wounded.
You hit Grinder.
Grinder is moderately wounded.
Grinder barely misses you.
You hit Grinder but do no damage.
Grinder is moderately wounded.
Grinder hits you but does no damage.
You barely miss Grinder.
Grinder is moderately wounded.
Grinder barely misses you.
You hit Grinder but do no damage.
Grinder is lightly wounded.
Grinder gestures at you. Pain shoots through your body!
* * * LOW HITPOINT WARNING * * *
Your chain mail prevents you from hitting Grinder.
You bite Grinder, but do no damage.
Grinder is lightly wounded.
You block Grinder's attack.
There is a stone staircase leading up here.
Grinder hits you but does no damage.
You climb upwards.
There is a stone staircase leading down here.
You closely miss Grinder. You bite Grinder, but do no damage.
Grinder is lightly wounded.
Grinder hits you.
* * * LOW HITPOINT WARNING * * *
You hit Grinder.
Grinder is moderately wounded.
Grinder hits you.
* * * LOW HITPOINT WARNING * * *
You writhe in agony.
* * * LOW HITPOINT WARNING * * *
You barely miss Grinder.
Grinder is moderately wounded.
Grinder hits you.
* * * LOW HITPOINT WARNING * * *
Your chain mail prevents you from hitting Grinder.
You bite Grinder.
Grinder is moderately wounded.
You block Grinder's attack.
Really quaff
i - 2 emerald potions {!q}?
It was a potion of might {!q}.
You feel very mighty all of a sudden. Grinder hits you!
* * * LOW HITPOINT WARNING * * *
You writhe in agony.
You die...

#########
#...........#
#......(....#
#...........#
#...........#
#...........#
#...........#
#...........#
#....5......#
#...@.......#
#############


You could see Grinder.

Vanquished Creatures
  Sigmund (D:3)
  An orc priest (D:3)
  Natasha (D:2)
  3 gnolls (D:2)
  2 worms (D:2)
  A leopard gecko (D:2)
  5 orcs (D:3)
  5 giant cockroaches
  5 goblins
  9 hobgoblins
  A quokka (D:3)
  3 ball pythons
  3 bats
  A frilled lizard (D:1)
  6 kobolds
  6 rats
53 creatures vanquished.

Notes
Turn   | Place    | Note
-------+----------+-------------------------------------------
     0 | D:1      | Amnesiac the Gnoll Monk began the quest for the Orb.
     0 | D:1      | Reached XP level 1. HP: 23/23 MP: 1/1
   114 | D:1      | Reached XP level 2. HP: 29/29 MP: 2/2
   268 | D:3      | Noticed Sigmund
   758 | D:2      | Found a faded altar of an unknown god.
  1047 | D:2      | Became a worshipper of Ashenzari the Shackled
  1047 | D:2      | Reached * piety under Ashenzari
  1047 | D:2      | Reached ** piety under Ashenzari
  1091 | D:2      | Reached XP level 3. HP: 27/35 MP: 3/3
  1270 | D:2      | Reached skill level 1 in Short Blades
  1270 | D:2      | Reached skill level 1 in Long Blades
  1270 | D:2      | Reached skill level 1 in Axes
  1270 | D:2      | Reached skill level 1 in Maces & Flails
  1270 | D:2      | Reached skill level 1 in Staves
  1270 | D:2      | Reached skill level 1 in Slings
  1270 | D:2      | Reached skill level 1 in Bows
  1270 | D:2      | Reached skill level 1 in Crossbows
  1270 | D:2      | Reached skill level 1 in Throwing
  1270 | D:2      | Reached skill level 1 in Armour
  1270 | D:2      | Reached skill level 1 in Shields
  1270 | D:2      | Reached skill level 1 in Unarmed Combat
  1270 | D:2      | Reached skill level 1 in Spellcasting
  1270 | D:2      | Reached skill level 1 in Conjurations
  1270 | D:2      | Reached skill level 1 in Hexes
  1270 | D:2      | Reached skill level 1 in Charms
  1270 | D:2      | Reached skill level 1 in Summonings
  1270 | D:2      | Reached skill level 1 in Necromancy
  1270 | D:2      | Reached skill level 1 in Translocations
  1270 | D:2      | Reached skill level 1 in Transmutations
  1270 | D:2      | Reached skill level 1 in Fire Magic
  1270 | D:2      | Reached skill level 1 in Ice Magic
  1270 | D:2      | Reached skill level 1 in Air Magic
  1270 | D:2      | Reached skill level 1 in Earth Magic
  1270 | D:2      | Reached skill level 1 in Poison Magic
  1270 | D:2      | Reached skill level 1 in Invocations
  1270 | D:2      | Reached skill level 1 in Evocations
  1281 | D:2      | Reached XP level 4. HP: 41/41 MP: 5/5
  1519 | D:2      | Noticed Natasha
  1529 | D:2      | Killed Natasha
  1597 | D:3      | Reached *** piety under Ashenzari
  1626 | D:3      | Killed Sigmund
  1626 | D:3      | Reached XP level 5. HP: 30/47 MP: 5/7
  1626 | D:3      | Reached XP level 6. HP: 34/53 MP: 5/8
  1658 | D:3      | Learned a level 3 spell: Confuse
  1775 | D:3      | Noticed Grinder
  1810 | D:2      | HP: 2/53 [Grinder (7)]
  1810 | D:2      | Slain by Grinder

Vault maps used:
D:1:      dpeg_arrival_arbitrary_c, st_stairs_12
D:2:      cheibrodos_greedy_goblins, chequers_ecumenical_altar_simple,
          kennysheep_generic_room_9, uniq_natasha
D:3:      uniq_sigmund, uniq_grinder

Skill      XL: |  1  2  3 |
---------------+----------+-----
Short Blades   | 1 |  1.9
Long Blades    | 1 |  1.9
Axes           | 1 |  1.9
Maces & Flails | 1 |  1.9
Staves         | 1 |  1.9
Slings         | 1 |  1.9
Bows           | 1 |  1.9
Crossbows      | 1 |  1.9
Throwing       | 1 |  1.9
Armour         | 1 |  1.9
Shields        | 1 |  1.9
Unarmed Combat | 1 |  1.9
Spellcasting   | 1 |  1.9
Conjurations   | 1 |  1.9
Hexes          | 1 |  1.9
Charms         | 1 |  1.9
Summonings     | 1 |  1.9
Necromancy     | 1 |  1.9
Translocations | 1 |  1.9
Transmutations | 1 |  1.9
Fire Magic     | 1 |  1.9
Ice Magic      | 1 |  1.9
Air Magic      | 1 |  1.9
Earth Magic    | 1 |  1.9
Poison Magic   | 1 |  1.9
Invocations    | 1 |  1.9
Evocations     | 1 |  1.9
Fighting       | |  6.8
Polearms       | |  6.8
Dodging        | |  6.8
Stealth        | |  4.5

Action                   |  1- 3 |  4- 6 || total
-------------------------+-------+-------++-------
Melee: Spear             |    42 |       ||    42
       Bite              |     5 |     9 ||    14
       Trident           |    34 |    89 ||   123
  Use: Potion            |       |     2 ||     2
 Stab: Sleeping          |     1 |       ||     1
  Eat: Chunk             |     1 |     2 ||     3
Armor: Chain mail        |    14 |    17 ||    31
Dodge: Dodged            |    23 |    24 ||    47
Block: Buckler           |     3 |    11 ||    14

Table legend:
 A = Spawn XP
 B = Non-spawn XP
 C = Spawn XP percentage of total XP
 D = Spawn monster count
 E = Non-spawn monster count
 F = Spawn count percentage of total count
 G = Total turns spent on level
                    A         B        C        D         E        F      G
               +---------+---------+-------+---------+---------+-------+---------
         Total |       0 |     429 |   0.0 |       0 |      53 |   0.0 |  1810
               +---------+---------+-------+---------+---------+-------+---------
           D:1 |       0 |      19 |   0.0 |       0 |      13 |   0.0 |   532
           D:2 |       0 |     118 |   0.0 |       0 |      24 |   0.0 |  1020
           D:3 |       0 |     292 |   0.0 |       0 |      16 |   0.0 |   258
               +---------+---------+-------+---------+---------+-------+---------
